 Dungeon Crawl Stone Soup version 0.30.1-3-gfc49f6343a (webtiles) character file.

Game seed: 17745822229001255003

2422 oneeeeegina the Firebug (level 9, -14/41 HPs)
             Began as a Tengu Fire Elementalist on July 24, 2023.
             Was a Believer of Hepliaklqana.
             Killed from afar by an electric eel (16 damage)
             ... with a bolt of electricity
             ... on level 8 of the Dungeon.
             The game lasted 00:36:57 (9333 turns).

oneeeeegina the Firebug (Tengu Fire Elementalist)   Turns: 9333, Time: 00:36:58

Health: -14/41     AC:  2    Str: 12    XL:     9   Next: 48%
Magic:  10/19      EV: 16    Int: 16    God:    Hepliaklqana [**....]
Gold:   141        SH:  0    Dex: 15    Spells: 5/20 levels left

rFire   . . .        m - +5 dagger
rCold   . . .        (no shield)
rNeg    . . .        a - +0 robe
rPois   .            (helmet restricted)
rElec   .            (no cloak)
rCorr   .            (no gloves)
SInv    +            (boots unavailable)
Will    .....        (no amulet)
Stlth   +++          A - ring of see invisible
HPRegen 0.26/turn    (no ring)
MPRegen 0.16/turn

%: no passive effects
@: lethally poisoned (-14 -> -17), flying quickly and evasively, slowed, very
slow
A: reduced essence, beak, talons 3, nimble flight
a: Renounce Religion, Ancestor Life: Knight, Ancestor Life: Battlemage, Ancestor
Life: Hexer, Recall Ancestor, Ancestor Identity


You were on level 8 of the Dungeon.
You worshipped Hepliaklqana.
Hepliaklqana was pleased with you.
You visited 2 branches of the dungeon, and saw 9 of its levels.

You collected 418 gold pieces.
You spent 277 gold pieces at shops.

Inventory:

Hand Weapons
 g - a +0 dagger
 i - a +1 vampiric short sword
 m - a +5 dagger (weapon)
Armour
 a - a +0 robe (worn)
Jewellery
 A - a ring of see invisible (left hand)
Wands
 c - a wand of digging (2)
 u - a wand of roots (4)
 x - a wand of polymorph (8)
Scrolls
 e - 2 scrolls of fear
 f - a scroll of blinking
 k - 3 scrolls of noise
 l - a scroll of magic mapping
 q - 2 scrolls of fog
 t - 2 scrolls of identify
 v - 4 scrolls of teleportation
 y - 2 scrolls of silence
Potions
 b - 2 potions of magic
 d - a potion of ambrosia {unknown}
 h - a potion of heal wounds
 j - 2 potions of curing
 n - 2 potions of flight
 o - a potion of degeneration
 p - a potion of cancellation {unknown}
 r - a potion of might {unknown}
 s - a potion of lignification
 z - 2 potions of resistance {unknown}


   Skills:
 + Level 0.6 Fighting
 * Level 3.8 Short Blades
 + Level 4.6 Dodging
 + Level 4.3 Stealth
 * Level 6.1 Spellcasting
 * Level 6.7 Conjurations
 * Level 0.1 Hexes
 * Level 7.1 Fire Magic
 * Level 1.4 Invocations
 * Level 2.3 Evocations


You had 5 spell levels left.
You knew the following spells:

 Your Spells              Type           Power      Damage    Failure   Level
a - Foxfire               Conj/Fire      100%       2x1d9     1%          1
b - Scorch                Fire           54%        2d7       1%          2
c - Airstrike             Air            2%         2d(1-17)  80%         4
d - Inner Flame           Hex/Fire       16%        N/A       9%          3
e - Yara's Violent Unrav  Hex/Tmut       2%         3d3       98%         5

Your spell library contained the following spells:

 Spells                   Type           Power      Damage    Failure   Level
 Magic Dart               Conj           100%       1d8       1%          1
 Shock                    Conj/Air       60%        1d6       3%          1
 Flame Wave               Conj/Fire      27%        2d9       8%          4
 Volatile Blastmotes      Fire/Tloc      32%        2d12      10%         3
 Mephitic Cloud           Conj/Pois/Air  12%        N/A       16%         3
 Call Imp                 Summ           8%         N/A       21%         2
 Swiftness                Air            4%         N/A       38%         3
 Enfeeble                 Hex            2%         N/A       100%        7


Dungeon Overview and Level Annotations

Branches:
Dungeon (8/15)             Temple (1/1) D:5
   Lair: D:8-11

Altars:
Ashenzari
Cheibriados
Dithmenos
Gozag
Hepliaklqana
Trog
Vehumet
Xom
Zin

Shops:
D:1 *(:?   D:4 *(   D:7 ?*


Innate Abilities, Weirdness & Mutations

Your life essence is reduced to manifest your ancestor. (-10% HP)
You have a beak for a mouth.
You have claws for feet.
Your magical nature lets you fly swiftly and evasively.


Message History

The electric eel is engulfed in a cloud of scalding steam.
Casting: Foxfire (safe; 1% risk of failure)
Press: ? - help, Q - select action, (/) - cycle Dir - look around, f - activate You conjure some foxfire!
You feel very sick.
The foxfire hits the kobold brigand.
The kobold brigand is heavily wounded.
The kobold brigand throws a curare-tipped dart.
The curare-tipped dart closely misses you.
The curare-tipped dart misses your foxfire.
Your foxfire dissipates!
You feel very sick.
The foxfire hits the kobold brigand.
The kobold brigand is severely wounded.
The foxfire hits the kobold brigand.
The kobold brigand is severely wounded.
The electric eel shoots out a bolt of lightning at you!
The bolt of electricity misses you.
Casting: Foxfire (safe; 1% risk of failure)
Press: ? - help, Q - select action, (/) - cycle Dir - look around, f - activate You conjure some foxfire!
You feel sick.
The electric eel shoots out a bolt of lightning at you!
The bolt of electricity hits your foxfire!
The bolt of electricity hits you!
The kobold brigand hits you with a +0 club.
You hit the kobold brigand. Your peck misses the kobold brigand.
The kobold brigand is severely wounded.
You feel sick.
The foxfire hits the kobold brigand but does no damage.
The kobold brigand is severely wounded.
The foxfire hits the kobold brigand.
The kobold brigand is almost dead.
The electric eel shoots out a bolt of lightning at you!
The bolt of electricity hits you!
* * * LOW HITPOINT WARNING * * *
The kobold brigand barely misses you.
The electric eel shoots out a bolt of lightning at you!
The bolt of electricity hits you!
You die...

$.~.≈~~~♣~ ..
~~S~~~♣~. ...
P
♣~~♣P~...♣..♣
♣.♣~♣~~.~.♣..
♣~...§§....♣
♣.....♣.♣P♣
♣...P♣.♣
♣K†§♣ ♣.@.♣
♣♣#.♣
#########.#
#.......§.#
#.#####§v.#
#.# #§###
#.## #.. #..#
#### #..####


You could see a kobold brigand and an electric eel.

Vanquished Creatures
  A steam dragon (D:6)
  3 water moccasins
  An ice beast (D:7)
  An orc warrior (D:6)
  A sky beast (D:7)
  An ogre (D:4)
  2 centaurs
  A phantom (D:4)
  A bullfrog (D:7)
  4 wights (D:7)
  5 scorpions
  2 hounds (D:5)
  3 orc priests
  2 jellies
  A sleepcap (D:5)
  4 iguanas
  2 orc wizards (D:7)
  12 adders
  2 white imps (D:5)
  An ufetubus (D:7)
  4 worms
  3 dart slugs
  20 orcs
  3 ball pythons
  7 bats
  9 endoplasms
  A giant cockroach (D:4)
  6 goblins
  5 hobgoblins
  3 jackals (D:3)
  11 kobolds
  4 quokkas
  4 rats
  A foxfire (D:4)
131 creatures vanquished.

Vanquished Creatures (collateral kills)
  2 scorpions (D:6)
  A hound (D:5)
  A gnoll (D:5)
  A white imp (D:6)
  7 foxfires
12 creatures vanquished.

Vanquished Creatures (others)
  An ancestor (D:6)
  364 foxfires
365 creatures vanquished.

Grand Total: 508 creatures vanquished

Notes
Turn   | Place    | Note
-------+----------+-------------------------------------------
     0 | D:1      | oneeeeegina the Tengu Fire Elementalist began the quest for
                  | the Orb.
     0 | D:1      | Reached XP level 1. HP: 10/10 MP: 4/4
   172 | D:1      | Reached XP level 2. HP: 15/15 MP: 0/6
   226 | D:1      | Found Hauzyargh's Magic Scroll Shop.
   327 | D:1      | Found Mierits's Book Shop.
   385 | D:1      | Found Lomolec's Antique Weapon Emporium.
   486 | D:1      | Learned a level 2 spell: Scorch
   488 | D:1      | Learned a level 1 spell: Shock
   541 | D:1      | Reached XP level 3. HP: 19/19 MP: 4/7
   543 | D:1      | Found Kegek's General Store.
   560 | D:1      | Bought a scroll of identify for 26 gold pieces
  1137 | D:2      | Reached skill level 1 in Short Blades
  1285 | D:2      | Found a faded altar of an unknown god.
  1546 | D:2      | Reached skill level 4 in Fire Magic
  1546 | D:2      | Reached XP level 4. HP: 5/24 MP: 3/8
  1895 | D:2      | Learned a level 3 spell: Inner Flame
  2599 | D:3      | Gained mutation: Your magical nature lets you fly swiftly
                  | and evasively. [Tengu growth]
  2599 | D:3      | Reached XP level 5. HP: 28/28 MP: 3/9
  3039 | D:4      | Noticed a phantom
  3045 | D:4      | Killed a phantom
  3150 | D:4      | Reached XP level 6. HP: 27/32 MP: 3/11
  3351 | D:4      | Found Heuskiesu's Assorted Antiques.
  3357 | D:4      | Bought a blackened tourmaline ring for 115 gold pieces
  3823 | D:4      | Found Ruxzogie's Weapon Shoppe.
  4184 | D:5      | Entered Level 5 of the Dungeon
  4227 | D:5      | Found a staircase to the Ecumenical Temple.
  4244 | D:5      | Learned a level 5 spell: Yara's Violent Unravelling
  4276 | Temple   | Entered the Ecumenical Temple
  4282 | Temple   | Became a worshipper of Hepliaklqana the Forgotten
  4501 | D:5      | Reached XP level 7. HP: 10/37 MP: 6/13
  4512 | D:5      | Reached skill level 5 in Fire Magic
  4638 | D:5      | Found a glowing silver altar of Zin.
  5490 | D:5      | Reached * piety under Hepliaklqana
  5571 | D:5      | Reached XP level 8. HP: 26/37 MP: 9/15
  5644 | D:5      | Learned a level 4 spell: Airstrike
  5929 | D:6      | Reached skill level 5 in Spellcasting
  5929 | D:6      | Reached skill level 6 in Fire Magic
  6114 | D:6      | Reached skill level 5 in Conjurations
  6271 | D:6      | Identified the +6 chain mail of Oblivion {rPois Str+3}
  7814 | D:7      | Reached skill level 1 in Evocations
  7832 | D:7      | Reached XP level 9. HP: 41/41 MP: 15/18
  8056 | D:7      | Found Caoru's Magic Scroll Emporium.
  8064 | D:7      | Bought a scroll of teleportation for 42 gold pieces
  8064 | D:7      | Bought a scroll of fear for 56 gold pieces
  8162 | D:7      | Reached skill level 1 in Invocations
  8251 | D:7      | Reached ** piety under Hepliaklqana
  8363 | D:7      | Noticed Prince Ribbit
  8369 | D:7      | Prince Ribbit changed into Prince Ribbit the bullfrog
  8369 | D:7      | Noticed Prince Ribbit
  8372 | D:7      | Killed Prince Ribbit the bullfrog
  8416 | D:7      | Reached skill level 7 in Fire Magic
  8472 | D:7      | Found Esiazimu's CLEARANCE SALE!.
  8484 | D:7      | Bought a wand of roots (4) for 38 gold pieces
  9333 | D:8      | HP: 2/41 [electric eel/bolt of electricity (10)]
  9333 | D:8      | Killed from afar by an electric eel

Illustrated notes

Levels and vault maps discovered:
D:1:      evilmike_arrival_hilbert_curve, layout_loops_cross, serial_shops,
          nicolae_shop_hallway_stairs, shop, shop_statue, nicolae_shop_peninsula
D:2:      layout_loops_ring, shapermc_ecumenical_altar_ellora
D:3:      layout_basic, cheibrodos_sewer_entry_bend
D:4:      layout_layer_cave, serial_shops, nicolae_shop_hallway_plus,
          nicolae_stop_n_shop_2, nicolae_figureground_pulse
D:5:      corexii_shack_village, layout_basic, zin_academy,
          minmay_temple_entry_glass, minmay_misc_feat_iff, cheibrodos_gnoll_hut
D:6:      layout_cave_pods
D:7:      layout_layer_cave, serial_shops, shop, nicolae_shop_clearance,
          uniq_prince_ribbit1
D:8:      wad_woods_pond, layout_basic
Temple:   eino_narrow_crystal_temple

Skill      XL: |  1  2  3  4  5  6  7  8  9 |
---------------+----------------------------+-----
Conjurations   | 2 3 4 5 6 |  6.7
Short Blades   | 1 2 3 |  3.8
Fire Magic     | 4 5 6 7 |  7.1
Spellcasting   | 3 4 5 6 |  6.1
Dodging        | 3 4 |  4.6
Stealth        | 3 4 |  4.3
Evocations     | 1 2 |  2.3
Invocations    | 1 |  1.4
Fighting       | |  0.6
Hexes          | |  0.1

Action                     |  1- 3 |  4- 6 |  7- 9 || total
---------------------------+-------+-------+-------++-------
  Melee: Kick              |    16 |    14 |    12 ||    42
         Unarmed           |     1 |       |       ||     1
         Dagger            |    39 |    52 |    41 ||   132
         Peck              |     7 |     9 |     9 ||    25
         Short sword       |     3 |       |       ||     3
         Punch             |     1 |       |     2 ||     3
   Cast: Foxfire           |    43 |    65 |   144 ||   252
         Scorch            |     1 |     9 |     4 ||    14
         Shock             |       |     3 |       ||     3
  Evoke: Wand              |       |     7 |    17 ||    24
    Use: Scroll            |     4 |     9 |     2 ||    15
         Potion            |       |     2 |     7 ||     9
   Stab: Sleeping          |     3 |     1 |       ||     4
 Armour: Robe              |     5 |    10 |     7 ||    22
  Dodge: Dodged            |    18 |    48 |    61 ||   127
